 Dungeon Crawl Stone Soup version 0.28-a0-828-g0121872642 (webtiles) character file.

Game seed: 14362410954093128226

35 croobank the Caller (level 3, 0/14 HPs)
             Began as a Felid Summoner on Nov 10, 2021.
             Succumbed to an adder's poison
             ... on level 2 of the Dungeon.
             The game lasted 00:09:05 (1935 turns).

croobank the Caller (Felid Summoner)                Turns: 1935, Time: 00:09:06

Health: 0/14       AC:  1    Str:  5    XL:     3   Next: 16%
Magic:  6/7        EV: 17    Int: 16    God:
Gold:   67         SH:  0    Dex: 16    Spells: 3/6 levels left
                                        Lives:  0   Deaths: 0

rFire   . . .      SeeInvis +   (weapon unavailable)
rCold   . . .      Faith    .   (shield unavailable)
rNeg    . . .      Spirit   .   (armour unavailable)
rPois   .          Reflect  .   (helmet unavailable)
rElec   .          Harm     .   (cloak unavailable)
rCorr   .          Rampage  .   (gloves unavailable)
Will    .....                   (boots unavailable)
Stlth   ++........              (no amulet)
HPRegen 0.04/turn               (no ring)
MPRegen 0.10/turn               (no ring)

@: lethally poisoned (0 -> -6), quick
A: very small, claws 1, fangs 3, see invisible, speed 1, shaggy fur 1, stealthy
paws, no weapons or thrown items, no armour, multi-lived
a: no special abilities


You were on level 2 of the Dungeon.
You visited 1 branch of the dungeon, and saw 2 of its levels.

You collected 67 gold pieces.

Inventory:

Scrolls
 a - 3 scrolls of identify
 b - a scroll of vulnerability
 c - a scroll of acquirement {unknown}
 d - a scroll of amnesia {unknown}
 e - a scroll of holy word {unknown}
 f - a scroll of enchant armour {unknown}


   Skills:
 + Level 2.7 Dodging
 + Level 2.8 Stealth
 + Level 0.8 Unarmed Combat
 + Level 2.3 Spellcasting
 + Level 4.7 Summonings


You had 3 spell levels left.
You knew the following spells:

 Your Spells              Type           Power      Damage    Failure   Level
a - Summon Small Mammal   Summ           64%        N/A       3%          1
b - Call Imp              Summ           16%        N/A       4%          2

Your spell library contained the following spells:

 Spells                   Type           Power      Damage    Failure   Level
 Call Canine Familiar     Summ           16%        N/A       9%          3
 Summon Guardian Golem    Hex/Summ       9%         N/A       22%         3
 Summon Lightning Spire   Summ/Air       9%         N/A       58%         4
 Leda's Liquefaction      Hex/Erth       0%         N/A       90%         4
 Portal Projectile        Hex/Tloc       Unusable   N/A       N/A         3

Dungeon Overview and Level Annotations

Branches:
Dungeon (2/15)

Altars:


Innate Abilities, Weirdness & Mutations

You have sharp claws.
You have razor-sharp teeth.
You have supernaturally acute eyesight. (SInv)
You cover ground quickly. (Speed+)
You are covered in fur. (AC +1)
Your paws help you pounce on unaware monsters.
You are incapable of wielding weapons or throwing items.
You cannot wear armour.
You gain extra lives every three experience levels.


Message History

Casting: Call Imp (safe; 4% risk of failure)
Confirm with . or Enter, or press ? or * to list all spells.
A beastly little devil appears in a puff of flame.
Your crimson imp closely misses the adder.
The adder closely misses you.
Your crimson imp closely misses the adder.
The adder bites you but does no damage.
Your crimson imp picks up some beetles from the ground and offers them to you.
Your crimson imp blinks!
You barely miss the adder. The adder closely misses you.
Your crimson imp blinks!
The adder misses you.
You scratch the adder but do no damage. The adder barely misses you.
You scratch the adder.
The adder is moderately wounded.
The adder bites you.
Your crimson imp blinks!
You scratch the adder.
The adder is heavily wounded.
The adder barely misses you.
You scratch the adder.
The adder is severely wounded.
The adder completely misses you. The adder bites you.
You scratch the adder.
The adder is almost dead.
The adder barely misses you.
You miss the adder.
The adder is almost dead.
The adder bites you.
* * * LOW HITPOINT WARNING * * *
You are lethally poisoned!
The adder poisons you!
As you read the scroll of identify, it crumbles to dust.
b - a scroll of vulnerability
* * * LOW HITPOINT WARNING * * *
You feel sick. The adder misses you. The adder bites you but does no damage.
Your crimson imp closely misses the adder.
You scratch the adder but do no damage.
The adder is almost dead.
You die...

#.##....## #.# #.#
....#.#.####.######.#
#######.................##
S.......#.#.####.####....#
#.)..#.....# #.##.#
##...#.##### #.##.#
#.#..#.#### #.##.#
#.##....5S.# #.##<# #>
##.#.##@# #.##.# #
#.#.##.# #.##.# #.#.##.#
#.##.# #......##.# #.#
#...##S####.# ##. #.# #..
# #.# #.# #.. ..# ...


You could see an adder (ally target) and a friendly crimson imp (summoned).

Vanquished Creatures
  A bat (D:1)
  2 endoplasms (D:1)
  A giant cockroach (D:2)
  2 goblins
  3 hobgoblins (D:1)
  3 ball pythons
  A frilled lizard (D:1)
  A kobold (D:1)
  A rat (D:1)
15 creatures vanquished.

Vanquished Creatures (collateral kills)
  3 ball pythons (D:1)
  4 endoplasms (D:1)
  2 giant cockroaches (D:1)
  A quokka (D:1)
  3 bats
  A frilled lizard (D:1)
  A kobold (D:1)
  A rat (D:1)
16 creatures vanquished.

Grand Total: 31 creatures vanquished

Notes
Turn   | Place    | Note
-------+----------+-------------------------------------------
     0 | D:1      | croobank the Felid Summoner began the quest for the Orb.
     0 | D:1      | Reached XP level 1. HP: 7/7 MP: 4/4
   387 | D:1      | Reached XP level 2. HP: 8/11 MP: 0/6
   833 | D:1      | Learned a level 2 spell: Call Imp
  1315 | D:1      | Reached XP level 3. HP: 12/14 MP: 7/7
  1365 | D:1      | Found a faded altar of an unknown god.
  1935 | D:2      | Succumbed to an adder's poison

Illustrated notes

Levels and vault maps discovered:
D:1:      nzn_arrival_settlement, layout_basic,
          hellmonk_ecumenical_altar_slurped_away, roderic_roman_lattice,
          minmay_tromino_v2
D:2:      layout_loops_ring

Action                   || total
-------------------------++-------
Melee: Unarmed           ||    68
       Bite              ||     6
 Cast: Summon Small Mamm ||    16
       Call Imp          ||     9
  Use: Scroll            ||     3
       Potion            ||     2
 Stab: Sleeping          ||     2
       Distracted        ||     1
Armor: Skin              ||     7
Dodge: Dodged            ||    72

Table legend: (Time is in decaauts)
 A = Elapsed time spent in this place.
 B = Non-inter-level travel time spent in this place.
 C = Inter-level travel time spent in this place.
 D = Time resting spent in this place.
 E = Time spent auto-exploring this place.
 F = Levels seen in this place.
 G = Mean time per level.
                   A        B        C        D        E       F      G
               +--------+--------+--------+--------+--------+-----+--------+
         Total |   1819 |   1791 |     28 |    836 |    664 |   2 |  909.5 |
       Dungeon |   1819 |   1791 |     28 |    836 |    664 |   2 |  909.5 |
               +--------+--------+--------+--------+--------+-----+--------+

Top non-repeatable levels by time:
     D:1: 1652 daAuts
     D:2: 167 daAuts
